 Dungeon Crawl Stone Soup version 0.30-a0-859-gf88a04b (webtiles) character file.

Game seed: 4286177019368111

36 Think the Ducker (level 3, -2/26 HPs)
             Began as an Octopode Fighter on Mar 6, 2023.
             Slain by a kobold
             ... wielding a +1 whip of holy wrath
              (5 damage)
             ... on level 2 of the Dungeon.
             The game lasted 00:01:30 (989 turns).

Think the Ducker (Octopode Fighter)                  Turns: 989, Time: 00:01:31

Health: -2/26      AC:  1    Str: 15    XL:     3   Next: 37%
Magic:  3/3        EV: 14    Int: 10    God:
Gold:   65         SH:  4    Dex: 13    Spells: 2/2 levels left

rFire   . . .      SeeInvis +    a - +0 long sword
rCold   . . .      Faith    .    b - +0 buckler
rNeg    . . .      Spirit   .    (helmet restricted)
rPois   .          Reflect  .    (no amulet)
rElec   .          Rampage  .    i - ring of see invisible
rCorr   .                        (no ring)
Will    .....                    (no ring)
Stlth   ++                       (no ring)
HPRegen 0.24/turn                (no ring)
MPRegen 0.08/turn                (no ring)
                                 (no ring)
                                 (no ring)

@: mighty
A: almost no armour, amphibious, 8 rings, camouflage 1, gelatinous body 1,
(nimble swimmer 1), tentacles
a: no special abilities


You were on level 2 of the Dungeon.
You visited 1 branch of the dungeon, and saw 2 of its levels.

You collected 65 gold pieces.

Inventory:

Hand Weapons
 a - a +0 long sword (weapon)
Armour
 b - a +0 buckler (worn)
Jewellery
 i - a ring of see invisible (left tentacle)
Scrolls
 g - a scroll of vulnerability {unknown}
 h - a scroll of teleportation {unknown}
Potions
 d - a potion of mutation {unknown}
 e - a potion of lignification {unknown}
 f - a potion of berserk rage {unknown}


   Skills:
 - Level 3.0 Fighting
 - Level 2.0 Long Blades
 + Level 4.3 Dodging
 - Level 3.0 Shields


You had 2 spell levels left.
You didn't know any spells.
Your spell library contained the following spells:

 Spells                   Type           Power      Damage    Failure   Level
 Apportation              Tloc           0%         N/A       45%         1
 Inner Flame              Hex/Fire       0%         N/A       83%         3
 Cause Fear               Hex            0%         N/A       99%         4
 Alistair's Intoxication  Tmut/Pois      0%         N/A       100%        5
 Discord                  Hex            0%         N/A       100%        8


Dungeon Overview and Level Annotations

Branches:
Dungeon (2/15)

Altars:


Innate Abilities, Weirdness & Mutations

You cannot wear most types of armour.
You are amphibious.
You can wear up to eight rings at the same time.
Your skin changes colour to match your surroundings (Stealth+).
Your rubbery body absorbs attacks. (AC +1, EV +1)
((You are camouflaged when in or above water. (Stealth+)))
You have tentacles for arms and can constrict up to eight enemies at once.


Message History

The orc attacks as you move away! The orc closely misses you.
The adder attacks as you move away! The adder bites you. x2
You are poisoned.
The adder poisons you! The kobold attacks as you move away!
The kobold barely misses you. The adder attacks as you move away!
The adder closely misses you.
You feel sick. The adder attacks as you move away!
You block the adder's attack.
You feel sick.
You feel sick. The adder attacks as you move away! The adder barely misses you.
You feel sick. You block the adder's attack.
The adder attacks as you move away! The adder closely misses you.
You feel sick. The adder attacks as you move away! The adder bites you.
* * * LOW HITPOINT WARNING * * *
You feel sick.
You are no longer poisoned.
The adder attacks as you move away! The adder barely misses you.
The kobold attacks as you move away!
The kobold hits you with a +1 whip of holy wrath.
* * * LOW HITPOINT WARNING * * *
You block the adder's attack. The adder attacks as you move away!
The adder barely misses you.
You feel very mighty all of a sudden. The adder barely misses you.
You hit the adder. Your grab misses the adder.
The adder is heavily wounded.
The adder bites you.
* * * LOW HITPOINT WARNING * * *
The adder bites you.
* * * LOW HITPOINT WARNING * * *
You completely miss the adder. You grab the adder. You squeeze the adder.
You kill the adder!
You closely miss the orc. You grab the orc. You squeeze the orc!
You kill the orc!
You closely miss the kobold. Your grab misses the kobold.
Your squeeze misses the kobold.
The kobold hits you with a +1 whip of holy wrath.
You die...

##..§.§§..#
#...§§§§§##
##...##.§§##
#..#.###§## . ##.##.#
#.# . ###..##.###.#
.. ###...#....(..#
... #.....#########
...## #.....KK@...#
.....####.....#####.#
....).........#
............###
.......######
......... .....#...#
....##...# .... ....#


You could see 2 kobolds.

Vanquished Creatures
  An adder (D:2)
  An orc (D:2)
  2 ball pythons
  2 endoplasms (D:1)
  4 giant cockroaches
  3 goblins
  A hobgoblin (D:1)
  A bat (D:1)
  4 frilled lizards
  4 kobolds
  2 rats (D:1)
25 creatures vanquished.

Notes
Turn   | Place    | Note
-------+----------+-------------------------------------------
     0 | D:1      | Think the Octopode Fighter began the quest for the Orb.
     0 | D:1      | Reached XP level 1. HP: 16/16 MP: 1/1
   279 | D:1      | Reached XP level 2. HP: 21/21 MP: 2/2
   606 | D:1      | Reached skill level 4 in Dodging
   900 | D:2      | Found a faded altar of an unknown god.
   962 | D:2      | Reached XP level 3. HP: 26/26 MP: 3/3
   989 | D:2      | Slain by a kobold

Illustrated notes

Levels and vault maps discovered:
D:1:      dpeg_arrival_ternary, layout_loops_corners, skrybe_limestone_x,
          chequers_serial_rivers_room_b
D:2:      layout_basic, ebering_ecumenical_altar_mist

Skill      XL: |  1  2 |
---------------+-------+-----
Dodging        | 4 |  4.3
Fighting       | |  3.0
Long Blades    | |  2.0
Shields        | |  3.0

Action                     || total
---------------------------++-------
  Melee: Long sword        ||    43
         Constrict         ||    11
         Tentacles         ||     9
         Punch             ||     1
    Use: Potion            ||     1
   Stab: Sleeping          ||     2
 Armour: Skin              ||     1
  Dodge: Dodged            ||    32
  Block: Buckler           ||    10

Table legend: (Time is in decaauts)
 A = Elapsed time spent in this place.
 B = Non-inter-level travel time spent in this place.
 C = Inter-level travel time spent in this place.
 D = Time resting spent in this place.
 E = Time spent auto-exploring this place.
 F = Levels seen in this place.
 G = Mean time per level.
                   A        B        C        D        E       F      G
               +--------+--------+--------+--------+--------+-----+--------+
         Total |   1002 |    960 |     42 |      0 |    772 |   2 |  501.0 |
       Dungeon |   1002 |    960 |     42 |      0 |    772 |   2 |  501.0 |
               +--------+--------+--------+--------+--------+-----+--------+

Top non-repeatable levels by time:
     D:1: 908 daAuts
     D:2: 93 daAuts
